 Dungeon Crawl Stone Soup version 0.20.1-1-g8b1a95d (webtiles) character file.

9560 vatarom the Zephyrmancer (level 11, -6/74 HPs)
             Began as a Yellow Draconian Air Elementalist on Sept 10, 2017.
             Was a Believer of Vehumet.
             Asphyxiated
             ... on level 11 of the Dungeon.
             The game lasted 00:31:16 (12891 turns).

vatarom the Zephyrmancer (DrAE)                    Turns: 12891, Time: 00:31:17

Health: -6/74      AC: 10    Str: 13    XL:     11   Next: 24%
Magic:  16/16      EV: 12    Int: 17    God:    Vehumet [**....]
Gold:   597        SH:  0    Dex: 12    Spells: 1/16 levels left

rFire    . . .     SeeInvis +   i - staff of air
rCold    . . .     Gourm    .   (no shield)
rNeg     . . .     Faith    .   (armour unavailable)
rPois    .         Spirit   .   (helmet restricted)
rElec    +         Reflect  .   (no cloak)
rCorr    +         Harm     +   k - +1 pair of gloves
MR       .....     Clarity  +   b - +0 pair of boots
Stlth    ++........             t - amulet of harm
Regen    0.3/turn               c - +3 ring of strength
MPRegen  0.2/turn               (no ring)

@: lethally poisoned (-6 -> -59), slowed, very slow
A: spit acid, acid resistance, unfitting armour, see invisible, clarity, dopey
1, cold-blooded, AC +7
a: Breathe Acid, Renounce Religion


You were on level 11 of the Dungeon.
You worshipped Vehumet.
Vehumet was pleased with you.
You were not hungry.

You visited 2 branches of the dungeon, and saw 12 of its levels.
You also visited: Sewer.

You collected 597 gold pieces.

Inventory:

Hand Weapons
 r - a +0 trident of venom
Armour
 b - a +0 pair of boots (worn)
 k - a +1 pair of gloves (worn)
Magical Staves
 i - an uncursed staff of air (weapon)
Jewellery
 c - a +3 ring of strength (left hand)
 f - an uncursed ring of ice
 t - an amulet of harm (around neck)
Wands
 j - a wand of iceblast (0/15)
 q - a wand of lightning (3/15)
 B - a wand of paralysis (9/24)
 F - a wand of scattershot (3/9)
 G - a wand of random effects (23/48)
Scrolls
 e - 6 scrolls of teleportation
 h - a scroll of recharging
 n - 4 scrolls of fog
 u - 5 scrolls of remove curse
 v - a scroll of magic mapping
 z - 2 scrolls of amnesia
 C - a scroll of identify
 D - 3 scrolls of enchant weapon
 E - 2 scrolls of enchant armour
Potions
 d - 2 potions of curing
 g - 3 potions of brilliance
 l - 2 potions of flight
 o - a potion of agility
 s - 3 potions of haste
 w - a potion of lignification
 A - a potion of cancellation
Books
 a - a book of Air

   Spells                             Type                      Level
   a - Shock                          Conjuration/Air              1
   b - Swiftness                      Charms/Air                   2
   c - Static Discharge               Conjuration/Air              3
   d - Airstrike                      Air                          4
   e - Lightning Bolt                 Conjuration/Air              5
Comestibles
 m - 5 chunks of flesh
 p - 2 meat rations
 x - a bread ration


   Skills:
 - Level 1.7 Dodging
 - Level 1.7 Stealth
 - Level 3.0 Spellcasting
 - Level 8.6 Conjurations
 + Level 13.3 Air Magic
 + Level 7.2 Evocations


You had one spell level left.
You knew the following spells:

 Your Spells              Type           Power        Failure   Level  Hunger
a - Shock                 Conj/Air       ####         1%          1    None
b - Swiftness             Chrm/Air       #####...     1%          2    ##.....
c - Static Discharge      Conj/Air       ######..     1%          3    ###....
d - Airstrike             Air            ######....   1%          4    ####...
e - Lightning Bolt        Conj/Air       ######....   5%          5    ######.


Dungeon Overview and Level Annotations

Branches:
Dungeon (11/15)            Temple (1/1) D:7
   Lair: D:8-11         Orc: D:9-12

Altars:
Ashenzari
Cheibriados
Dithmenos
Elyvilon
Fedhas
Gozag
Hepliaklqana
Kikubaaqudgha
Makhleb
Nemelex Xobeh
Okawaru
Qazlal
Ru
Sif Muna
Trog
Uskayaw
Vehumet
Xom
Yredelemnul
Zin
The Shining One

Shops:
D:5 [   D:7 [

Annotations:
D:5 2 transporters
D:11 Snorg, Sonja


Innate Abilities, Weirdness & Mutations

You can spit globs of acid.
You are resistant to acid.
Your golden yellow scales are hard. (AC +7)
You cannot fit into any form of body armour.
You are cold-blooded and may be slowed by cold attacks.
You have supernaturally acute eyesight. (SInv)
You possess an exceptional clarity of mind.
You are dopey. (Int -2)


Message History

You feel as though you will be slow longer.
The porcupine barely misses you.
Sonja shoots a curare-tipped needle.
The curare-tipped needle hits you.
You are lethally poisoned!
You have difficulty breathing.
* * * LOW HITPOINT WARNING * * *
You feel as though you will be slow longer.
There is a stone staircase leading up here.
You see here 2 curare-tipped needles.
Unknown command.
* * * LOW HITPOINT WARNING * * *
You feel very sick. The porcupine bites you.
* * * LOW HITPOINT WARNING * * *
The porcupine bites you.
* * * LOW HITPOINT WARNING * * *
Sonja shoots a curare-tipped needle.
The curare-tipped needle hits you.
You are more poisoned.
You have difficulty breathing.
You die...

.# ####.# ....
.########.####.#
P.$........)...#
.....###...#####
... ##.<.(.## .
#..(.r..#
##K...@.###.####
#......[.......#
#.##........####
#. #.##.##### .#
#.##.# # #..#
#.##.# #.
#..##...#...
###T###..#......#.
. .....#.........


You could see Sonja and a porcupine.

Vanquished Creatures
  Fannar (D:10)
  2 two-headed ogres
  Nergalle (D:10)
  An unseen horror (D:10)
  Pikel (D:6)
  Joseph (D:8)
  A troll (D:10)
  Grinder (D:4)
  3 hippogriffs
  7 yaks
  A hungry ghost (D:7)
  A soldier ant (D:11)
  A porcupine (D:11)
  3 orc warriors
  An ice beast (D:6)
  A sky beast (D:7)
  A slave (D:6)
  2 phantoms
  A black bear (D:7)
  4 ogres
  A centaur (D:11)
  2 big kobolds (Sewer)
  3 bullfrogs
  A gnoll sergeant (D:10)
  4 scorpions
  3 crimson imps
  A bullfrog zombie (D:5)
  A quasit (D:7)
  2 centaur zombies
  2 orc priests
  8 hounds
  15 orc wizards
  A bullfrog skeleton (D:11)
  3 iguanas
  5 worker ants
  A killer bee zombie (D:7)
  2 hound skeletons
  7 gnolls
  11 adders
  6 river rats
  A shadow imp (D:5)
  6 oozes
  An adder skeleton (D:4)
  A worm (D:2)
  4 dart slugs
  5 leopard geckos
  55 orcs
  7 bats
  5 giant cockroaches
  5 goblins
  9 hobgoblins
  11 jackals
  11 quokkas
  4 ball pythons (Sewer)
  A ball python skeleton (D:5)
  4 frilled lizards
  23 kobolds
  2 leopard gecko zombies
  23 rats
292 creatures vanquished.

Vanquished Creatures (others)
  An orc wizard (D:6)
  3 orcs (D:6)
  5 fungi (D:11)
  3 plants (D:5)
12 creatures vanquished.

Grand Total: 304 creatures vanquished

Notes
Turn   | Place    | Note
-------+----------+-------------------------------------------
     0 | D:1      | vatarom the Draconian Air Elementalist began the quest for the Orb.
     0 | D:1      | Reached XP level 1. HP: 14/14 MP: 3/3
   246 | D:1      | Reached XP level 2. HP: 18/20 MP: 3/5
   604 | D:1      | Reached skill level 4 in Air Magic
   625 | D:1      | Learned a level 2 spell: Swiftness
  1161 | D:2      | Reached XP level 3. HP: 26/26 MP: 0/6
  1617 | D:2      | Learned a level 3 spell: Static Discharge
  1713 | D:2      | Reached skill level 5 in Air Magic
  1713 | D:2      | Reached XP level 4. HP: 17/33 MP: 0/7
  2321 | D:3      | Found a glowing drain.
  2403 | Sewer    | Entered a sewer
  2475 | Sewer    | Noticed a big kobold
  2506 | Sewer    | Killed a big kobold
  2506 | Sewer    | Reached skill level 6 in Air Magic
  2506 | Sewer    | Reached XP level 5. HP: 12/38 MP: 4/8
  3361 | Sewer    | Reached XP level 6. HP: 36/45 MP: 1/9
  3513 | Sewer    | Reached skill level 7 in Air Magic
  4039 | D:3      | Found a snail-covered altar of Cheibriados.
  4415 | D:3      | Found a faded altar of an unknown god.
  4544 | D:3      | Your scales start taking on a golden yellow colour.
  4544 | D:3      | Reached XP level 7. HP: 46/50 MP: 0/11
  5110 | D:4      | Reached skill level 8 in Air Magic
  5122 | D:4      | Learned a level 4 spell: Airstrike
  5211 | D:4      | Noticed Grinder
  5214 | D:4      | Paralysed by Grinder for 7 turns
  5230 | D:4      | Killed Grinder
  5852 | D:5      | Entered Level 5 of the Dungeon
  5865 | D:5      | Found a transporter.
  5917 | D:5      | Reached XP level 8. HP: 57/57 MP: 8/12
  5977 | D:5      | Noticed a kobold demonologist
  6176 | D:5      | Found Plog's Armour Boutique.
  6215 | D:5      | Reached skill level 9 in Air Magic
  6279 | D:5      | Gained mutation: You possess an exceptional clarity of mind. [potion of mutation]
  6279 | D:5      | Gained mutation: You are dopey. (Int -2) [potion of mutation]
  6279 | D:5      | Gained mutation: You have supernaturally acute eyesight. (SInv) [potion of mutation]
  6696 | D:5      | Reached skill level 5 in Conjurations
  6896 | D:5      | Found a transporter.
  7178 | D:6      | Noticed Pikel
  7210 | D:6      | Killed Pikel
  7210 | D:6      | Reached skill level 10 in Air Magic
  7210 | D:6      | Reached XP level 9. HP: 23/62 MP: 0/13
  8155 | D:7      | Found a staircase to the Ecumenical Temple.
  8171 | D:7      | Found Wuoplock's Antique Armour Emporium.
  8196 | Temple   | Entered the Ecumenical Temple
  8217 | Temple   | Became a worshipper of Vehumet
  8843 | D:7      | Found an opulent altar of Gozag.
  9188 | D:8      | Reached skill level 11 in Air Magic
  9281 | D:8      | Identified a scroll of acquirement
  9306 | D:8      | Noticed Joseph
  9315 | D:8      | Killed Joseph
  9410 | D:8      | Noticed a two-headed ogre
  9413 | D:8      | Killed a two-headed ogre
  9413 | D:8      | Reached XP level 10. HP: 62/69 MP: 5/14
  9453 | D:8      | Learned a level 5 spell: Lightning Bolt
  9591 | D:8      | Reached * piety under Vehumet
  9591 | D:8      | Offered knowledge of Freeze by Vehumet.
  9670 | D:8      | Reached skill level 1 in Evocations
  9878 | D:8      | Found a glowing silver altar of Zin.
  9879 | D:8      | Found an ancient bone altar of Kikubaaqudgha.
  9881 | D:8      | Found an iron altar of Okawaru.
  9881 | D:8      | Found a shattered altar of Ashenzari.
  9881 | D:8      | Found a shimmering altar of Xom.
  9881 | D:8      | Found a burning altar of Makhleb.
  9883 | D:8      | Found a sacrificial altar of Ru.
  9986 | D:9      | Noticed a two-headed ogre
  9990 | D:9      | Killed a two-headed ogre
 10109 | D:9      | Found a sparkling altar of Nemelex Xobeh.
 10110 | D:9      | Found an opulent altar of Gozag.
 10254 | D:10     | Entered Level 10 of the Dungeon
 10258 | D:10     | Noticed Nergalle
 10264 | D:10     | Reached skill level 12 in Air Magic
 10266 | D:10     | Killed Nergalle
 10538 | D:10     | Noticed Fannar
 10547 | D:10     | HP: 2/69 [Fannar/bolt of cold (34)]
 10904 | D:10     | Found a shimmering altar of Xom.
 10963 | D:10     | Reached skill level 5 in Evocations
 11224 | D:10     | Killed Fannar
 11396 | D:10     | Noticed an unseen horror
 11400 | D:10     | Killed an unseen horror
 11400 | D:10     | Reached XP level 11. HP: 74/74 MP: 3/15
 11703 | D:10     | Reached skill level 13 in Air Magic
 11841 | D:10     | Reached ** piety under Vehumet
 11841 | D:10     | Offered knowledge of Sting by Vehumet.
 12670 | D:11     | Noticed Snorg
 12887 | D:11     | Noticed Sonja
 12891 | D:11     | Asphyxiated

Skill      XL: |  1  2  3  4  5  6  7  8  9 10 11 |
---------------+----------------------------------+-----
Air Magic      | 4 5 6 7 8 10 11 12 13 | 13.3
Spellcasting   | 3 |  3.0
Conjurations   | 3 6 8 |  8.6
Evocations     | 6 7 |  7.2
Dodging        | |  1.7
Stealth        | |  1.7

Action                   |  1- 3 |  4- 6 |  7- 9 | 10-12 || total
-------------------------+-------+-------+-------+-------++-------
Melee: Unarmed           |     6 |       |       |       ||     6
       Dagger            |    14 |       |       |       ||    14
       Short sword       |    34 |   167 |   127 |       ||   328
       Tailslap          |     2 |    22 |    24 |     7 ||    55
       Trident           |       |       |    36 |       ||    36
       Staff             |       |       |     1 |    67 ||    68
 Cast: Shock             |    53 |    67 |    43 |    16 ||   179
       Static Discharge  |     1 |    27 |    32 |    31 ||    91
       Airstrike         |       |       |    27 |    35 ||    62
       Lightning Bolt    |       |       |       |    10 ||    10
 Abil: Breathe Acid      |       |       |    15 |     7 ||    22
Evoke: Wand              |       |       |     1 |     4 ||     5
  Use: Scroll            |     7 |     6 |     9 |     8 ||    30
       Potion            |     3 |     6 |     3 |     3 ||    15
 Stab: Sleeping          |     2 |     3 |     2 |     1 ||     8
       Invisible         |     1 |       |       |       ||     1
       Distracted        |       |       |       |     1 ||     1
  Eat: Chunk             |     4 |     9 |    20 |    12 ||    45
       Bread ration      |       |     1 |       |       ||     1
       Royal jelly       |       |       |     1 |     2 ||     3
       Meat ration       |       |       |     1 |     2 ||     3
Armor: Skin              |    29 |    72 |    66 |    34 ||   201
Dodge: Dodged            |    55 |   144 |   134 |    67 ||   400
